 Seeded DCSS version 0.30.1-9-gdf580d7c3d (webtiles) character file.

Game seed: 2394977854812512649 (custom seed)

3705 Psyclone the Thaumaturge (level 9, -2/49 HPs)
             Began as a Deep Elf Conjurer on Oct 12, 2023.
             Was an Initiate of Gozag.
             Slain by a hornet (15 damage)
             ... on level 9 of the Dungeon.
             The game lasted 00:26:27 (10553 turns).

Psyclone the Thaumaturge (Deep Elf Conjurer)       Turns: 10553, Time: 00:26:27

Health: -2/49      AC:  6    Str:  3    XL:     9   Next: 91%
Magic:  33/45      EV: 13    Int: 46    God:    Gozag
Gold:   768        SH:  0    Dex: 18    Spells: 15/32 levels left

rFire   + + .        a - +2 dagger (elec)
rCold   + . .        (no shield)
rNeg    + . .        J - +2 robe of the Serpent {Drain rCorr Int+3 Dex+6}
rPois   .            L - +0 helmet
rElec   .            e - +0 cloak
rCorr   +            (no gloves)
SInv    .            (no boots)
Will    .....        K - amulet of magic regeneration
Stlth   ++           i - ring of the Shimmering Gods {rC+ rN+ MP+9 Int+5}
HPRegen 0.28/turn    j - ring of Bukhlent {rF+ MP+9 Int+6}
MPRegen 0.69/turn

%: no passive effects
@: lethally poisoned (-2 -> -13), about to teleport, freezing walls, very
slightly contaminated, slowed, very slow
A: clever 1, fire resistance 1, robust 1
a: Renounce Religion, Potion Petition, Call Merchant, Bribe Branch


You were on level 9 of the Dungeon.
You worshipped Gozag.
Gozag was pleased with you.
You visited 2 branches of the dungeon, and saw 10 of its levels.

You collected 4624 gold pieces.
You spent 1763 gold pieces at shops.
You paid 2093 gold pieces to Gozag.

Inventory:

Hand Weapons
 a - a +2 dagger of electrocution (weapon)
 E - a +3 dagger
Armour
 c - a +0 robe
 e - a +0 cloak (worn)
 J - the +2 robe of the Serpent (worn) {Drain rCorr Int+3 Dex+6}
   (You bought it in a shop in the Ecumenical Temple)

   Int:       It affects your intelligence (+3).
   Dex:       It affects your dexterity (+6).
   rCorr:     It protects you from acid and corrosion.
   Drain:     It drains your maximum health when unequipped.
 L - a +0 helmet (worn)
Jewellery
 i - the ring of the Shimmering Gods (left hand) {rC+ rN+ MP+9 Int+5}
   (You bought it in a shop in the Ecumenical Temple)

   [ring of positive energy]

   Int:       It affects your intelligence (+5).
   rC:        It protects you from cold.
   rN:        It protects you from negative energy.
   MP:        It affects your magic capacity (+9).
 j - the ring of Bukhlent (right hand) {rF+ MP+9 Int+6}
   (You bought it in a shop in the Ecumenical Temple)

   [ring of intelligence]

   Int:       It affects your intelligence (+6).
   rF:        It protects you from fire.
   MP:        It affects your magic capacity (+9).
 A - a ring of poison resistance
 K - an amulet of magic regeneration (around neck)
Wands
 D - a wand of flame (7)
 H - a wand of paralysis (17)
 M - a wand of mindburst (6)
Scrolls
 f - 8 scrolls of teleportation
 k - a scroll of fear {unknown}
 n - a scroll of butterflies {unknown}
 o - 3 scrolls of immolation {unknown}
 p - 2 scrolls of magic mapping {unknown}
 r - 3 scrolls of torment {unknown}
 y - a scroll of enchant weapon {unknown}
 B - 8 scrolls of identify {@r1}
 C - 2 scrolls of blinking {unknown}
 F - a scroll of enchant armour {unknown}
 I - a scroll of noise {unknown}
Potions
 b - a potion of magic
 d - 3 potions of berserk rage {unknown}
 g - a potion of lignification {unknown}
 h - a potion of brilliance {unknown}
 l - 2 potions of might
 m - 2 potions of attraction {unknown}
 q - a potion of resistance {unknown}
 s - 5 potions of curing {unknown}
 t - a potion of mutation
 u - 3 potions of degeneration {unknown}
 v - a potion of haste {unknown}
 w - a potion of ambrosia {unknown}
 x - a potion of cancellation {unknown}
 z - 2 potions of flight
 G - 5 potions of heal wounds {unknown}


   Skills:
 - Level 2.4 Dodging
 - Level 2.4 Stealth
 + Level 12.4 Spellcasting
 + Level 11.0 Conjurations
 - Level 6.0 Ice Magic


You had 15 spell levels left.
You knew the following spells:

 Your Spells              Type           Power      Damage    Failure   Level
a - Magic Dart            Conj           100%       1d8       0%          1
b - Searing Ray           Conj           100%       2d8       0%          2
c - Frozen Ramparts       Ice            100%       1d16      1%          3
d - Fulminant Prism       Conj/Hex       34%        3d16      1%          4
f - Freezing Cloud        Conj/Ice/Air   34%        6-21      2%          5
v - Ensorcelled Hibernat  Hex/Ice        100%       N/A       1%          2

Your spell library contained the following spells:

 Spells                   Type           Power      Damage    Failure   Level
 Poisonous Vapours        Pois/Air       56%        N/A       1%          2
 Dazzling Flash           Conj/Hex       100%       N/A       1%          3
 Mephitic Cloud           Conj/Pois/Air  58%        N/A       1%          3
 Iskenderun's Mystic Bla  Conj/Tloc      68%        2d14      1%          4
 Portal Projectile        Hex/Tloc       56%        N/A       2%          3
 Spider Form              Tmut/Pois      28%        N/A       2%          3
 Tukima's Dance           Hex            28%        N/A       2%          3
 Ice Form                 Ice/Tmut       54%        N/A       2%          4
 Summon Ice Beast         Ice/Summ       54%        N/A       2%          4
 Anguish                  Hex/Necr       14%        N/A       9%          4
 Blade Hands              Tmut           14%        N/A       26%         5


Dungeon Overview and Level Annotations

Branches:
Dungeon (9/15) Zot: 25711  Temple (1/1) D:5 Zot: 5714    Lair (0/5) D:9
    Orc (0/2) D:9

Altars:
Ashenzari
Cheibriados
Dithmenos
Elyvilon
Fedhas
Gozag
Hepliaklqana
Kikubaaqudgha
Nemelex Xobeh
Okawaru
Qazlal
Ru
Sif Muna
Trog
Uskayaw
Vehumet
Wu Jian
Xom
Yredelemnul
Zin
The Shining One

Shops:
D:2 !   Temple :=*

Annotations:
D:6 2 transporters
D:8 exclusion: downstairs


Innate Abilities, Weirdness & Mutations

Your mind is acute. (Int +4, Str/Dex -1)
Your flesh is heat resistant. (rF+)
You are robust. (+10% HP)


Message History

Aiming: Freezing Cloud (dangerous; 2% risk of failure)
Press: ? - help, Dir - move target That beam is likely to hit you.
Continue anyway?
You are engulfed in freezing vapours.
You resist.
The death knight is engulfed in freezing vapours.
You take 6 damage, and have 43/49 hp.
You now have 36/45 mp.
The death knight is engulfed in freezing vapours.
Casting: Freezing Cloud (dangerous; 2% risk of failure)
Confirm with . or Enter, or press ? or * to list all spells.
Casting: Frozen Ramparts (safe; 1% risk of failure)
Press: ? - help, Dir - look around, f - activate The walls around you are covered in ice.
The wall freezes the hornet!
The hornet stings you!
You feel yourself slow down.
The death knight is engulfed in freezing vapours.
The wall freezes the hornet.
The hornet closely misses you.
You take 15 damage, and have 28/49 hp.
MASSIVE DAMAGE!!
You now have 34/45 mp.
As you read the scroll labelled UCAIWU KIGATZ, it crumbles to dust.
You feel strangely unstable.
It was a scroll of teleportation.
The wall freezes the hornet.
The hornet stings you.
You feel as though you will be slow longer.
The death knight is engulfed in freezing vapours.
The wall freezes the hornet!
The hornet misses you.
The death knight is engulfed in freezing vapours.
You take 2 damage, and have 26/49 hp.
You regained 2 mp, and now have 36/45 mp.
Casting: Frozen Ramparts (safe; 1% risk of failure)
Confirm with . or Enter, or press ? or * to list all spells.
Aiming: Fulminant Prism (dangerous; 1% risk of failure)
Press: ? - help, Dir - move target You conjure a prism of explosive energy!
A fulminant prism comes into view.
You feel yourself speed up.
The wall freezes the hornet.
The hornet stings you!
* * * LOW HITPOINT WARNING * * *
You are poisoned.
You feel yourself slow down.
The wall freezes the hornet.
The hornet stings you!
You die...
Your body crumbles into a pile of gold.

#.........# #.# .
... #.........# #§#
... ##..=....## #§#
... ##.....## #§#
#'# ##...## #§# #.#
##.## #p#
######.#### ## #(#
#§# ##.#........ .#
#.#
#§######.#..#....##
.# #.#
#*@y....###....#.##
.# #.#
########.#.....#.##
.####.#
##.#....#...
......# ###.#######
.###### #....#...
.# #....#... ##
####.#.## #...##
#.####


You could see a death knight, a hornet (ally target) and a friendly fulminant
prism.

Vanquished Creatures
  Sigmund (D:2)
  A wyvern (D:9)
  A water moccasin (D:7)
  5 orc warriors
  An ice beast (D:4)
  A sky beast (D:7)
  A black bear (D:5)
  2 centaurs
  An ogre (D:5)
  2 phantoms
  8 bullfrogs
  2 scorpions
  5 wights (D:9)
  5 howler monkeys
  6 hounds
  2 jellies
  4 orc priests
  Crazy Yiuf (D:5)
  3 sleepcaps
  2 iguanas
  12 orc wizards
  3 gnolls (D:5)
  3 adders
  An ufetubus (D:6)
  3 worms (D:2)
  4 dart slugs
  61 orcs
  8 ball pythons
  6 endoplasms
  3 giant cockroaches
  14 goblins
  7 hobgoblins
  4 jackals (D:5)
  5 kobolds
  3 quokkas
  6 bats
  4 frilled lizards
  7 rats
208 creatures vanquished.

Notes
Turn   | Place    | Note
-------+----------+-------------------------------------------
     0 | D:1      | Psyclone the Deep Elf Conjurer began the quest for the Orb.
     0 | D:1      | Reached XP level 1. HP: 10/10 MP: 6/6
    93 | D:1      | Reached XP level 2. HP: 15/15 MP: 2/8
    96 | D:1      | Learned a level 2 spell: Searing Ray
   174 | D:1      | Reached skill level 5 in Conjurations
   222 | D:2      | Found Utwiat's Distillery.
   281 | D:4      | You fall into a shaft and drop 1 floor!
   281 | D:5      | Entered Level 5 of the Dungeon
   281 | D:5      | Found a staircase to the Ecumenical Temple.
   289 | Temple   | Entered the Ecumenical Temple
   305 | Temple   | Identified 2 scrolls of acquirement
   305 | Temple   | Acquired 1325 gold pieces
   309 | Temple   | Acquired 1291 gold pieces
   311 | Temple   | Became a worshipper of Gozag Ym Sagoz the Greedy
   402 | Temple   | Gained mutation: Your mind is acute. (Int +4, Str/Dex -1)
                  | [potion of mutation]
   402 | Temple   | Gained mutation: You are robust. (+10% HP) [potion of
                  | mutation]
   402 | Temple   | Gained mutation: Your flesh is heat resistant. (rF+)
                  | [potion of mutation]
   408 | Temple   | Bought 2 purple potions for 59 gold pieces
   408 | Temple   | Bought a yellow potion for 29 gold pieces
   408 | Temple   | Bought a scroll labelled WUAGIG ROKKYQO for 33 gold pieces
   597 | D:4      | Noticed an ice beast
   849 | D:1      | Reached XP level 3. HP: 9/20 MP: 6/9
  1233 | D:2      | Learned a level 3 spell: Frozen Ramparts
  1779 | D:2      | Noticed Sigmund
  1786 | D:2      | Killed Sigmund
  1787 | D:2      | Reached skill level 5 in Spellcasting
  1787 | D:2      | Reached XP level 4. HP: 12/26 MP: 1/13
  1787 | D:2      | Reached XP level 5. HP: 14/30 MP: 1/14
  3027 | D:3      | Found a snail-covered altar of Cheibriados.
  3336 | D:4      | Killed an ice beast
  3337 | D:4      | Reached XP level 6. HP: 19/35 MP: 4/16
  3494 | D:4      | Reached skill level 6 in Spellcasting
  3691 | D:4      | Found a hazy altar of Hepliaklqana.
  3836 | D:4      | Reached skill level 5 in Ice Magic
  4068 | D:5      | Reached XP level 7. HP: 39/39 MP: 13/18
  4138 | D:5      | Found a glowing silver altar of Zin.
  4315 | Temple   | Bought the ring of the Shimmering Gods {rC+ rN+ MP+9 Int+5}
                  | for 697 gold pieces
  4736 | D:5      | Reached skill level 7 in Spellcasting
  5186 | D:5      | Found a runed translucent door.
  5187 | D:5      | Noticed Crazy Yiuf
  5193 | D:5      | Killed Crazy Yiuf
  5194 | D:5      | Reached XP level 8. HP: 45/45 MP: 21/21
  5591 | D:6      | Reached skill level 8 in Spellcasting
  5682 | D:6      | Found a shimmering blue altar of Sif Muna.
  5823 | D:6      | Found a transporter.
  5823 | D:6      | Found a transporter.
  5824 | D:6      | Found a white marble altar of Elyvilon.
  5824 | D:6      | Found a sparkling altar of Nemelex Xobeh.
  6007 | D:6      | Found a sacrificial altar of Ru.
  6007 | D:6      | Found an iron altar of Okawaru.
  6046 | D:6      | Found a bloodstained altar of Trog.
  6137 | D:6      | Reached skill level 9 in Spellcasting
  6798 | Temple   | Bought the ring of Bukhlent {rF+ MP+9 Int+6} for 757 gold
                  | pieces
  7242 | D:7      | Reached skill level 10 in Spellcasting
  7481 | Temple   | Bought a faintly humming robe for 188 gold pieces
  7481 | Temple   | Identified the +2 robe of the Serpent {Drain rCorr Int+3
                  | Dex+6} (You bought it in a shop in the Ecumenical Temple)
  7806 | D:7      | Reached XP level 9. HP: 38/49 MP: 25/25
  8066 | D:7      | Learned a level 5 spell: Freezing Cloud
  8071 | D:7      | Learned a level 4 spell: Fulminant Prism
  8499 | D:8      | Learned a level 2 spell: Ensorcelled Hibernation
  8565 | D:8      | Found a stormy altar of Qazlal.
  8800 | D:8      | Found a basalt altar of Yredelemnul.
  9275 | D:9      | Reached skill level 11 in Spellcasting
  9276 | D:9      | Reached skill level 10 in Conjurations
  9363 | D:9      | Found a staircase to the Lair.
  9445 | D:9      | Found a staircase to the Orcish Mines.
  9818 | D:9      | Noticed a death knight
  9881 | D:9      | Reached skill level 12 in Spellcasting
 10553 | D:9      | Slain by a hornet

Illustrated notes

Levels and vault maps discovered:
D:1:      saegor_arrival_simple_c, layout_rooms
D:2:      layout_basic, serial_shops, shop, uniq_sigmund
D:3:      layout_basic, marbit_many_paths, serial_curves, eino_curves_01,
          eino_curves_03
D:4:      layout_cave_pools, kennysheep_mini_moat, dk_noncrumbling_3
D:5:      layout_gridville, mainiacjoe_overflow_alcove_1,
          minmay_temple_entry_grid, grunt_decor_arrowhead,
          uniq_crazy_yiuf_cottage
D:6:      layout_basic, general_overflow_altar, gammafunk_temple_overflow_arena,
          gammafunk_temple_overflow_wave, kb_lookout_dungeons_type,
          minmay_increasing_density
D:7:      layout_basic
D:8:      layout_basic, old_standard_altar, mainiacjoe_overflow_paths
D:9:      layout_loops_corners, lightli_temple_of_fire, lair_entry_dummy,
          hiddenorc2_lemuel
Temple:   hellmonk_temple_flake

Skill      XL: |  1  2  3  4  5  6  7  8  9 |
---------------+----------------------------+-----
Conjurations   | 5 6 7 9 11 | 11.0
Spellcasting   | 5 6 7 10 12 | 12.4
Ice Magic      | 2 3 5 6 |  6.0
Dodging        | |  2.4
Stealth        | |  2.4

Action                     |  1- 3 |  4- 6 |  7- 9 || total
---------------------------+-------+-------+-------++-------
  Melee: Dagger            |    32 |     2 |    41 ||    75
         Punch             |       |       |     1 ||     1
   Cast: Magic Dart        |    35 |    39 |    83 ||   157
         Searing Ray       |     6 |     9 |    26 ||    41
         Frozen Ramparts   |       |       |    45 ||    45
         Freezing Cloud    |       |       |     9 ||     9
         Ensorcelled Hiber |       |       |     9 ||     9
         Fulminant Prism   |       |       |     1 ||     1
 Invoke: Call Merchant     |     3 |       |       ||     3
    Use: Scroll            |     3 |       |     1 ||     4
         Potion            |     1 |       |       ||     1
   Stab: Sleeping          |     3 |     2 |     1 ||     6
 Armour: Robe              |     1 |     1 |    20 ||    22
  Dodge: Dodged            |    16 |     7 |    69 ||    92
